 Dungeon Crawl Stone Soup version 0.27.0 (webtiles) character file.

Game seed: 11178584402402435820

1032 Urokeeper the Covert (level 8, -17/46 HPs)
             Began as a Vampire Brigand on July 30, 2021.
             Killed from afar by an acid dragon (20 damage)
             ... with a splash of acid
             ... on level 4 of the Dungeon.
             The game lasted 00:24:16 (5594 turns).

Urokeeper the Covert (Vampire Brigand)              Turns: 5594, Time: 00:24:17

Health: -17/46     AC:  0    Str:  8 (10) XL:     8   Next: 3%
Magic:  6/8        EV: 21    Int: 11 (13) God:
Gold:   124        SH:  0    Dex: 21 (23) Spells: 7/7 levels left

rFire    . . .     SeeInvis +   (weapon currently unavailable)
rCold    + + .     Faith    .   (shield currently unavailable)
rNeg     + + +     Spirit   .   (armour currently unavailable)
rPois    ∞         Reflect  .   (helmet currently unavailable)
rElec    .         Harm     .   (cloak currently unavailable)
rCorr    .         Rampage  .   (gloves currently unavailable)
Will     .....                  (boots currently unavailable)
Stlth    +++++++...             (no amulet)
HPRegen  0.00/turn              (ring currently unavailable)
MPRegen  0.11/turn              (ring currently unavailable)

@: bat-form, flying, bloodless, inhibited regen, very quick
A: fast, flying, no casting, bloodless, tiny, fangs 3, see invisible, vampiric 2
a: Revivify, End Transformation


You were on level 4 of the Dungeon.
You were a vampire bat.
You visited 1 branch of the dungeon, and saw 4 of its levels.
You also visited: Sewer.

You collected 124 gold pieces.

Inventory:

Hand Weapons
 a - a +2 dagger
 j - a +0 demon trident
 w - a +1 short sword of venom (melded)
Missiles
 d - 42 poisoned darts
 l - a throwing net
 n - 4 curare-tipped darts
 o - 6 javelins
 p - 3 boomerangs
Armour
 b - a +0 robe (melded)
 c - a +0 cloak (melded)
 t - a +2 helmet
Magical Staves
 s - a staff of poison
Scrolls
 e - a scroll of magic mapping {unknown}
 f - a scroll of blinking {unknown}
 g - a scroll of immolation {unknown}
 h - 3 scrolls of identify {unknown}
 q - 2 scrolls of enchant weapon {unknown}
 u - 2 scrolls of teleportation {unknown}
 v - a scroll of enchant armour {unknown}
 y - a scroll of fear {unknown}
Potions
 i - 2 potions of might {unknown}
 k - a potion of mutation {unknown}
 m - 2 potions of haste {unknown}
 r - 2 potions of flight {unknown}
 x - a potion of brilliance {unknown}


   Skills:
 + Level 3.0 Fighting
 + Level 5.5 Short Blades
 + Level 3.5 Throwing
 + Level 3.5 Dodging
 + Level 10.4 Stealth


You had 7 spell levels left.
You didn't know any spells.
Your spell library contained the following spells:

 Spells                   Type           Power      Damage    Failure   Level
 Magic Dart               Conj           0%         1d3       34%         1
 Call Imp                 Summ           0%         N/A       47%         2
 Ensorcelled Hibernation  Hex/Ice        0%         N/A       47%         2
 Mephitic Cloud           Conj/Pois/Air  0%         N/A       71%         3
 Spider Form              Tmut/Pois      0%         N/A       71%         3
 Shadow Creatures         Summ           N/A        N/A       100%        6


Dungeon Overview and Level Annotations

Branches:
Dungeon (4/15)              Sewer (visited)
 Temple: D:4-7

Altars:


Innate Abilities, Weirdness & Mutations

You are a vampire bat.
You are tiny and dextrous.
You move quickly.
You are flying.
Your equipment is almost entirely melded.
You are incapable of wielding weapons or throwing items.
You cannot cast spells.
You do not regenerate when monsters are visible.
You are frail without blood (-20% HP).
You can heal yourself when you bite living creatures.
You are immune to poison.
You have razor-sharp teeth.
You have supernaturally acute eyesight. (SInv)
You are afflicted with vampirism and can become a bat while bloodless.


Message History

You have reached level 8!
Found a stone staircase leading up.
An iguana comes into view.
o - 6 javelins (gained 1)
There are no items here.
An acid dragon comes into view.
Throw: 6 javelins
Press: ? - help, Q - select action, (/) - cycle Shift-Dir - straight line, f - acid dragon
Aim: an acid dragon (wandering, hasn't noticed you, 63% to hit)
Okay, then.
Found a runed helmet and a long jewelled staff.
The acid dragon roars!
You hit the acid dragon but do no damage.
The acid dragon is poisoned.
You bite the acid dragon, but do no damage.
You hear an angry hiss.
You hear a shout!
The acid dragon bites you but does no damage.
The acid dragon claws you.
You hit the acid dragon. You bite the acid dragon.
You draw the acid dragon's blood!
You feel better.
The acid dragon is moderately wounded.
The acid dragon bites you! The acid dragon claws you.
You hit the acid dragon.
The acid dragon is moderately wounded.
The acid dragon bites you! The acid dragon closely misses you.
The acid dragon spits acid at you. The splash of acid hits you!
* * * LOW HITPOINT WARNING * * *
You are splashed with acid.
* * * LOW HITPOINT WARNING * * *
You turn into a vampire bat.
Your +1 short sword of venom melds into your body.
Your +0 cloak melds into your body.
Your +0 robe melds into your body.
Your +1 short sword of venom stops dripping with poison.
You feel weakened.
You feel dopey.
You feel clumsy.
The acid dragon looks more healthy.
The iguana hisses menacingly.
The acid dragon spits acid at you. The splash of acid hits you!!
You die...

..## ...## ....## #
.....## .## ......##..#
### ..........## ##.###
...........# ##...<#
#..........## #....#
#...........###.b..#
#............#....D##
............>..##...###
#..##......##...##....##
...###............l....#
.......).........g....##
#................†....#
##.......##...........#
#.....†.....)......##.#


You could see an acid dragon (catching breath) and an iguana.

Vanquished Creatures
  A sky beast (D:3)
  8 kobold brigands (Sewer)
  A scorpion (D:4)
  A howler monkey (D:4)
  12 adders
  2 river rats
  An adder skeleton (D:4)
  7 worms
  5 dart slugs
  7 orcs (D:3)
  3 ball pythons
  8 endoplasms
  5 giant cockroaches
  8 goblins
  10 hobgoblins
  13 jackals
  14 kobolds
  8 quokkas
  3 bats
  6 frilled lizards
  13 rats
136 creatures vanquished.

Notes
Turn   | Place    | Note
-------+----------+-------------------------------------------
     0 | D:1      | Urokeeper the Vampire Brigand began the quest for the Orb.
     0 | D:1      | Reached XP level 1. HP: 16/16 MP: 1/1
    19 | D:1      | Reached skill level 6 in Stealth
   113 | D:1      | Reached XP level 2. HP: 22/22 MP: 2/2
   332 | D:1      | Reached skill level 7 in Stealth
   485 | D:1      | Gained mutation: You are afflicted with vampirism and can
                  | become a bat while bloodless. [Vampire growth]
   485 | D:1      | Reached XP level 3. HP: 27/27 MP: 3/3
  1111 | D:2      | Found a faded altar of an unknown god.
  1390 | D:2      | Reached XP level 4. HP: 26/26 MP: 4/4
  2391 | D:3      | Noticed a sky beast
  2400 | D:3      | HP: 1/26 [sky beast (6)]
  2421 | D:3      | Killed a sky beast
  2422 | D:3      | Reached skill level 8 in Stealth
  2422 | D:3      | Reached XP level 5. HP: 2/30 MP: 3/5
  3114 | D:3      | Reached skill level 9 in Stealth
  3129 | D:3      | Reached XP level 6. HP: 29/31 MP: 6/6
  3865 | D:4      | Found a glowing drain.
  3872 | Sewer    | Entered a sewer
  4293 | Sewer    | Reached XP level 7. HP: 35/35 MP: 7/7
  4604 | Sewer    | Reached skill level 5 in Short Blades
  4794 | Sewer    | Reached skill level 10 in Stealth
  5561 | D:4      | Reached XP level 8. HP: 45/46 MP: 8/8
  5594 | D:4      | Killed from afar by an acid dragon

Illustrated notes

Levels and vault maps discovered:
D:1:      giann_bridges, layout_loops_ring
D:2:      layout_loops_corners, shapermc_ecumenical_altar_mp_urbaneastern
D:3:      layout_basic, minmay_fractal_squares_diagonal_5
D:4:      minmay_chambers_of_threes, layout_cave_pools, gup_sewer_entry_spiral

Skill      XL: |  1  2  3  4  5  6  7 |
---------------+----------------------+-----
Stealth        | 6 7 8 9 10 | 10.4
Fighting       | 2 3 |  3.0
Short Blades   | 3 4 5 |  5.5
Dodging        | 2 3 |  3.5
Throwing       | 2 3 |  3.5

Action                   |  1- 3 |  4- 6 |  7- 9 || total
-------------------------+-------+-------+-------++-------
Melee: Dagger            |   105 |   195 |    29 ||   329
       Bite              |    10 |    15 |    11 ||    36
       Short sword       |       |       |    68 ||    68
Throw: Javelin           |       |    26 |     6 ||    32
       Dart              |       |    10 |     9 ||    19
       Throwing net      |       |     2 |       ||     2
 Abil: Exsanguinate      |     1 |     1 |       ||     2
       Bat Form          |       |     1 |     1 ||     2
       Revivify          |       |     1 |       ||     1
 Stab: Sleeping          |    12 |    19 |     8 ||    39
       Held in net/web   |       |     1 |       ||     1
Armor: Robe              |    16 |    20 |     8 ||    44
Dodge: Dodged            |    47 |    73 |    36 ||   156
